 Dungeon Crawl Stone Soup version 0.28-a0-932-g843f935a50 (webtiles) character file.

Game seed: 2622306137696170481

39 1994 the Stinger (level 3, 0/20 HPs)
             Began as a Tengu Venom Mage on Nov 27, 2021.
             Succumbed to an adder's poison
             ... on level 2 of the Dungeon.
             The game lasted 00:03:08 (1002 turns).

1994 the Stinger (Tengu Venom Mage)                 Turns: 1002, Time: 00:03:09

Health: 0/20       AC:  2    Str:  8    XL:     3   Next: 47%
Magic:  1/7        EV: 12    Int: 16    God:
Gold:   42         SH:  0    Dex: 14    Spells: 3/6 levels left

rFire   . . .      SeeInvis .   a - +0 dagger (pain)
rCold   . . .      Faith    .   (no shield)
rNeg    . . .      Spirit   .   e - +0 robe
rPois   .          Reflect  .   (helmet restricted)
rElec   .          Harm     .   (no cloak)
rCorr   .          Rampage  .   (no gloves)
Will    .....                   (boots unavailable)
Stlth   ++........              (no amulet)
HPRegen 0.06/turn               (no ring)
MPRegen 0.10/turn               (no ring)

@: lethally poisoned (0 -> -5), very slightly contaminated
A: beak, talons 3
a: no special abilities


You were on level 2 of the Dungeon.
You visited 1 branch of the dungeon, and saw 2 of its levels.

You collected 42 gold pieces.

Inventory:

Hand Weapons
 a - a +0 dagger of pain (weapon)
 b - a +0 hunting sling
Missiles
 c - 3 stones (quivered)
Armour
 d - a +0 ring mail
 e - a +0 robe (worn)
 g - a +0 leather armour
Scrolls
 f - a scroll of identify {unknown}


   Skills:
 * Level 1.1 Fighting
 * Level 0.1 Short Blades
 + Level 2.3 Dodging
 + Level 2.1 Stealth
 + Level 2.3 Spellcasting
 * Level 1.2 Transmutations
 * Level 1.2 Air Magic
 * Level 3.2 Poison Magic


You had 3 spell levels left.
You knew the following spells:

 Your Spells              Type           Power      Damage    Failure   Level
a - Sting                 Tmut/Pois      36%        1d4       8%          1
b - Poisonous Vapours     Pois/Air       16%        N/A       12%         2

Your spell library contained the following spells:

 Spells                   Type           Power      Damage    Failure   Level
 Mephitic Cloud           Conj/Pois/Air  6%         N/A       32%         3
 Olgreb's Toxic Radiance  Pois           12%        N/A       47%         4


Dungeon Overview and Level Annotations

Branches:
Dungeon (2/15)

Altars:


Innate Abilities, Weirdness & Mutations

You have a beak for a mouth.
You have claws for feet.


Message History

Confirm with . or Enter, or press ? or * to list all spells.
Aiming: Sting (safe; 9% risk of failure)
Press: ? - help, Shift-Dir - straight line, f/p - adder
Aim: an adder (heavily wounded, very poisoned, 48% to hit)
The sting hits the adder.
The adder looks even sicker.
The adder is heavily wounded.
You feel sick. The adder bites you.
Unknown command.
Unknown command.
Casting: Sting (safe; 9% risk of failure)
Confirm with . or Enter, or press ? or * to list all spells.
Aiming: Sting (safe; 9% risk of failure)
Press: ? - help, Shift-Dir - straight line, f/p - adder
Aim: an adder (heavily wounded, very poisoned, 48% to hit)
You miscast Sting.
You are very lightly contaminated with residual magic.
Nothing appears to happen.
You feel sick. The adder bites you.
Unknown command.
Unknown command.
Unknown command.
You aren't carrying any potions.
You feel sick. The adder bites you.
* * * LOW HITPOINT WARNING * * *
You are lethally poisoned!
The adder poisons you!
* * * LOW HITPOINT WARNING * * *
You feel sick.
You kill the adder!
* * * LOW HITPOINT WARNING * * *
You feel sick.
You aren't carrying any potions.
Unknown command.
There is a lethal amount of poison in your body!
There is a lethal amount of poison in your body!
There is a lethal amount of poison in your body!
There is a lethal amount of poison in your body!
Unknown command.
* * * LOW HITPOINT WARNING * * *
You feel sick.
You die...

........ ........
........ ........
........ ... ######## ..
........ ..
.################## .
.'..............@<#.#
.######.###..##.#†#.#.##.
.........................
####.##.###.....#.#...##.
..............###.#...#
####........... #.# ....
.............#.##.# .....
...#.......#.#..#.# ....
...#.###...#......# ....


There were no monsters in sight!

Vanquished Creatures
  An adder (D:2)
  2 bats (D:1)
  2 endoplasms
  2 giant cockroaches
  5 goblins
  2 hobgoblins (D:1)
  2 quokkas (D:1)
  4 ball pythons
  4 frilled lizards
  3 kobolds (D:1)
  3 rats
30 creatures vanquished.

Vanquished Creatures (others)
  A plant (D:2)
1 creature vanquished.

Grand Total: 31 creatures vanquished

Notes
Turn   | Place    | Note
-------+----------+-------------------------------------------
     0 | D:1      | 1994 the Tengu Venom Mage began the quest for the Orb.
     0 | D:1      | Reached XP level 1. HP: 10/10 MP: 4/4
   157 | D:1      | Reached skill level 1 in Transmutations
   157 | D:1      | Reached XP level 2. HP: 16/16 MP: 3/6
   160 | D:1      | Learned a level 2 spell: Poisonous Vapours
   297 | D:1      | Found a faded altar of an unknown god.
   784 | D:2      | Reached XP level 3. HP: 20/20 MP: 5/7
   803 | D:2      | Reached skill level 1 in Fighting
   824 | D:2      | Reached skill level 1 in Air Magic
  1001 | D:2      | HP: 1/20 [poisoned by an adder]
  1002 | D:2      | Succumbed to an adder's poison

Illustrated notes

Levels and vault maps discovered:
D:1:      ncdulo_watergridlock, layout_basic, ebering_ecumenical_altar_hall,
          minmay_small_reverse_x
D:2:      layout_basic, serial_forest, infiniplex_forest_clump_medium,
          infiniplex_forest_fountain, infiniplex_forest_clump_long,
          infiniplex_forest_straight_5, infiniplex_forest_lined_1,
          infiniplex_forest_end_2, infiniplex_forest_zigzag_1

Skill      XL: |  1  2  3 |
---------------+----------+-----
Transmutations | 1 |  1.2
Fighting       | 1 |  1.1
Air Magic      | 1 |  1.2
Short Blades   | |  0.1
Dodging        | |  2.3
Stealth        | |  2.1
Spellcasting   | |  2.3
Poison Magic   | |  3.2

Action                   || total
-------------------------++-------
Melee: Short sword       ||     5
       Dagger            ||     7
       Peck              ||     1
       Kick              ||     1
 Cast: Sting             ||    35
       Poisonous Vapours ||     1
 Stab: Distracted        ||     1
Armor: Robe              ||     1
Dodge: Dodged            ||    14

Table legend: (Time is in decaauts)
 A = Elapsed time spent in this place.
 B = Non-inter-level travel time spent in this place.
 C = Inter-level travel time spent in this place.
 D = Time resting spent in this place.
 E = Time spent auto-exploring this place.
 F = Levels seen in this place.
 G = Mean time per level.
                   A        B        C        D        E       F      G
               +--------+--------+--------+--------+--------+-----+--------+
         Total |   1000 |    971 |     29 |    125 |    508 |   2 |  500.0 |
       Dungeon |   1000 |    971 |     29 |    125 |    508 |   2 |  500.0 |
               +--------+--------+--------+--------+--------+-----+--------+

Top non-repeatable levels by time:
     D:1: 780 daAuts
     D:2: 220 daAuts
